 Dungeon Crawl Stone Soup version 0.29-a0-234-g0dae59b3db (webtiles) character file.

Game seed: 15120635760783896546

44 PaleWalker the Bolt Thrower (level 3, -1/20 (21) HPs)
             Began as a Kobold Hunter on Mar 4, 2022.
             Was a Believer of Wu Jian.
             Slain by a hell rat (3 damage)
             ... in a sewer.
             The game lasted 00:04:39 (1310 turns).

PaleWalker the Bolt Thrower (Kobold Hunter)         Turns: 1310, Time: 00:04:40

HP:   -1/20 (21)    AC:  4    Str:  9    XL:     3   Next: 85%
MP:   3/3           EV: 14    Int: 12    God:    Wu Jian [**....]
Gold: 96            SH:  0    Dex: 17    Spells: 2/2 levels left

rFire   + . .      SeeInvis .   b - +0 dagger
rCold   . . .      Faith    +   (no shield)
rNeg    . . .      Spirit   .   l - +0 leather armour
rPois   .          Reflect  .   (no helmet)
rElec   .          Harm     .   (no cloak)
rCorr   .          Rampage  .   f - +0 pair of gloves
Will    .....                   (no boots)
Stlth   +++.......              d - amulet of faith
HPRegen 0.06/turn               n - ring of protection from fire
MPRegen 0.08/turn               (no ring)

@: lightly drained
A: small, no large weapons, nightstalker 3
a: Renounce Religion, Wall Jump


You were in a sewer.
You worshipped Wu Jian.
Wu Jian was pleased with you.
You visited 1 branch of the dungeon, and saw 3 of its levels.
You also visited: Sewer.

You collected 96 gold pieces.

Inventory:

Hand Weapons
 a - a +1 hand crossbow
 b - a +0 dagger (weapon)
Armour
 f - a +0 pair of gloves (worn)
 l - a +0 leather armour (worn)
Jewellery
 d - an amulet of faith (around neck)
 m - an amulet of magic regeneration
 n - a ring of protection from fire (left hand)
Scrolls
 c - 2 scrolls of identify {unknown}
 e - a scroll of magic mapping {unknown}
 i - a scroll of enchant weapon {unknown}
 k - a scroll of noise {unknown}
Potions
 g - a potion of curing {unknown}
 h - a potion of degeneration {unknown}
 j - a potion of resistance {unknown}
 o - a potion of flight {unknown}


   Skills:
 - Level 2.1 Fighting
 * Level 1.4 Short Blades
 - Level 6.1 Crossbows
 - Level 2.4 Dodging
 + Level 3.1 Stealth


You had 2 spell levels left.
You didn't know any spells.
Your spell library contained the following spells:

 Spells                   Type           Power      Damage    Failure   Level
 Ozocubu's Armour         Ice            0%         N/A       80%         3
 Metabolic Englaciation   Hex/Ice        0%         N/A       100%        5
 Simulacrum               Ice/Necr       0%         N/A       100%        6


Dungeon Overview and Level Annotations

Branches:
Dungeon (2/15)              Sewer (1/1)

Altars:
Wu Jian


Innate Abilities, Weirdness & Mutations

You are small and have problems with some larger weapons.
You are completely attuned to the shadows.


Message History

Press: ? - help, Dir - move target
Okay, then.
The helpless rat fails to defend itself.
You puncture the rat!
You kill the rat!
The Council accepts your kill.
A rat comes into view.
You see here a rat corpse.
You enter the shallow water.
Moving in this stuff is going to be slow.
You lunge at the rat, in a flurry of attacks.
Your unstable footing causes you to fumble your attack.
You hit the rat.
You kill the rat!
The Council accepts your kill.
You open the door.
A hell rat comes into view.
The hell rat moves out of view.
No target in view!
Found four items.
You lunge at the hell rat.
You hit the hell rat.
The hell rat is lightly wounded.
There is an open door here.
You closely miss the hell rat.
The hell rat is lightly wounded.
The hell rat bites you!
Ouch! That really hurt!
* * * LOW HITPOINT WARNING * * *
You feel drained.
* * * LOW HITPOINT WARNING * * *
You hit the hell rat but do no damage.
The hell rat is lightly wounded.
The hell rat splashes around in the water.
The hell rat bites you.
* * * LOW HITPOINT WARNING * * *
There is nothing to wall jump against here.
You enter the shallow water.
Moving in this stuff is going to be slow.
The hell rat barely misses you. The hell rat bites you.
You die...

#####
###...###
#≈.≈≈≈..#
##≈≈.r@≈≈##
#≈..###.≈.#
##†≈##≈##††##
#≈≈≈#.≈.#..≈#
#≈≈##≈.?##≈.#
#..#≈≈≈? #.≈#
#..'≈≈≈? #∩∩#
#..#.≈≈! #≈.#
#≈.##≈.! #≈.#


You could see a hell rat.

Vanquished Creatures
  3 dart slugs
  2 endoplasms (D:1)
  3 giant cockroaches
  3 hobgoblins (D:1)
  2 jackals (D:1)
  2 quokkas (D:1)
  4 ball pythons
  4 bats
  2 frilled lizards (D:1)
  A goblin (D:2)
  3 kobolds (D:1)
  9 rats
38 creatures vanquished.

Notes
Turn   | Place    | Note
-------+----------+-------------------------------------------
     0 | D:1      | PaleWalker the Kobold Hunter began the quest for the Orb.
     0 | D:1      | Reached XP level 1. HP: 12/12 MP: 1/1
   151 | D:1      | Reached XP level 2. HP: 17/17 MP: 2/2
   272 | D:1      | Noticed a floating eye
   276 | D:1      | Found a faded altar of an unknown god.
   276 | D:1      | Noticed a golden eye
   279 | D:1      | Noticed a shining eye
   279 | D:1      | Noticed a floating eye
   282 | D:1      | Prayed at the altar of an unknown god.
   282 | D:1      | Became a worshipper of the Wu Jian Council
   282 | D:1      | Reached * piety under Wu Jian
   392 | D:1      | Reached skill level 6 in Crossbows
   392 | D:1      | Reached XP level 3. HP: 21/21 MP: 3/3
  1090 | D:2      | You fall into a shaft and drop 1 floor!
  1253 | D:3      | Found a glowing drain.
  1259 | D:3      | Reached skill level 1 in Short Blades
  1277 | Sewer    | Entered a sewer
  1288 | Sewer    | Reached ** piety under Wu Jian
  1302 | Sewer    | HP: 1/20 [hell rat (2)]
  1310 | Sewer    | Slain by a hell rat

Illustrated notes

Levels and vault maps discovered:
D:1:      minmay_arrival_cross, layout_basic,
          hellmonk_ecumenical_altar_watching_god, minmay_vboxes
D:2:      layout_rooms, minmay_pentomino_z4
D:3:      layout_loops_cross, cheibrodos_sewer_entry_drain
Sewer:    sewer_hellmonk_bad_rat

Skill      XL: |  1  2  3 |
---------------+----------+-----
Stealth        | 2 3 |  3.1
Crossbows      | 6 |  6.1
Short Blades   | 1 |  1.4
Fighting       | |  2.1
Dodging        | |  2.4

Action                   || total
-------------------------++-------
Melee: Dagger            ||    51
 Fire: Hand crossbow     ||    52
Invok: Lunge             ||    11
       Whirlwind         ||     3
 Stab: Sleeping          ||     7
Armor: Leather armour    ||    18
Dodge: Dodged            ||    49

Table legend: (Time is in decaauts)
 A = Elapsed time spent in this place.
 B = Non-inter-level travel time spent in this place.
 C = Inter-level travel time spent in this place.
 D = Time resting spent in this place.
 E = Time spent auto-exploring this place.
 F = Levels seen in this place.
 G = Mean time per level.
                   A        B        C        D        E       F      G
               +--------+--------+--------+--------+--------+-----+--------+
         Total |   1326 |   1312 |     14 |      0 |   1040 |   4 |  331.5 |
       Dungeon |   1289 |   1275 |     14 |      0 |   1039 |   3 |  429.7 |
         Sewer |     37 |     37 |      0 |      0 |      1 |   1 |   37.0 |
               +--------+--------+--------+--------+--------+-----+--------+

Top non-repeatable levels by time:
     D:1: 986 daAuts
     D:3: 187 daAuts
     D:2: 114 daAuts
   Sewer: 37 daAuts
